Workbook

Sheet Financial Recap Report
A1: Canutillo Independent School District
A2: Activity Financial Recap Report
E4: Number | H4: Activity Name
C5: Campus Activity
A7: INSTRUCTIONS
A8: 1 | B8: Must be completed for all fundrasisers and attach copies of Receipts and Invoices
A9: 2 | B9: Must be completed for fundraisers using prenumbered bracelets/tickets
A10: 3 | B10: Must be completed for fundraisers that involve sale of product/inventory; Examples: Chocolates, Shirts, Yearbooks, Concessions
A12: Summary | I12: Bracelets / Tickets | T12: Sales- Back Up Method
I13: Pre-Numbered | S13: 50 | T13: 0
A14: Total Proceeds (Deposits) | D14: 0 | I14: Beginning Number | L14: 0
A15: Less: Total Cost (Invoices) | D15: 0 | I15: Ending Number | L15: 0
A16: Less: Sales Tax (If any) | D16: 0 | I16: Tickets/Bracelets Sold | L16: 0 | S16: 54.13 | V16: Collected Deposit | W16: 100 | X16: 50
A17: Net Profit | D17: =D14-D15-D16 -> 0 | I17: Price | L17: 0 | S17: 50 | V17: Sales Net of Tax | W17: =(W16/1.0825) -> 92.378753 | X17: =X16/1.0825 -> 46.189376
I18: Proceeds | L18: =L16*L17 -> 0 | S18: 0.0825 | V18: Sales Tax | X18: 0.0825
A19: Net Profit Percentange | E19: =D17/D14 -> #DIV/0! | R19: Sales Tax | S19: =S17*S18 -> 4.125 | V19: Sales Tax | X19: =X17*X18 -> 3.8106236
A23: PRODUCT DESCRIPTION | D23: Costs | H23: Sales | L23: Inventory
D24: (A) UNITS ORDERED | E24: (B) COST PER UNIT | F24: (C) EXTENDED COST | H24: (D) UNITS SOLD | I24: (E) SELLING PRICE | J24: (F) AMOUNT SOLD | L24: (I) INVENTORY QUANTITY
E25: (C) / (A) = (B) | J25: (D) x (E) = (F) | L25: (A) - (D) = (I)
A26: 1 | D26: 0 | E26: =IF(D26>0,ROUND(F26/D26,2),0) -> 0 | F26: 0 | H26: 0 | I26: 0 | J26: =H26*I26 -> 0 | L26: =D26-H26 -> 0
A27: 2 | D27: 0 | E27: =IF(D27>0,ROUND(F27/D27,2),0) -> 0 | F27: 0 | H27: 0 | I27: 0 | J27: =H27*I27 -> 0 | L27: =D27-H27 -> 0
A28: 3 | D28: 0 | E28: =IF(D28>0,ROUND(F28/D28,2),0) -> 0 | F28: 0 | H28: 0 | I28: 0 | J28: =H28*I28 -> 0 | L28: =D28-H28 -> 0
A29: 4 | D29: 0 | E29: =IF(D29>0,ROUND(F29/D29,2),0) -> 0 | F29: 0 | H29: 0 | I29: 0 | J29: =H29*I29 -> 0 | L29: =D29-H29 -> 0
A30: 5 | D30: 0 | E30: =IF(D30>0,ROUND(F30/D30,2),0) -> 0 | F30: 0 | H30: 0 | I30: 0 | J30: =H30*I30 -> 0 | L30: =D30-H30 -> 0
A31: 6 | D31: 0 | E31: =IF(D31>0,ROUND(F31/D31,2),0) -> 0 | F31: 0 | H31: 0 | I31: 0 | J31: =H31*I31 -> 0 | L31: =D31-H31 -> 0
A32: 7 | D32: 0 | E32: =IF(D32>0,ROUND(F32/D32,2),0) -> 0 | F32: 0 | H32: 0 | I32: 0 | J32: =H32*I32 -> 0 | L32: =D32-H32 -> 0
A33: 8 | D33: 0 | E33: =IF(D33>0,ROUND(F33/D33,2),0) -> 0 | F33: 0 | H33: 0 | I33: 0 | J33: =H33*I33 -> 0 | L33: =D33-H33 -> 0
A34: 9 | D34: 0 | E34: =IF(D34>0,ROUND(F34/D34,2),0) -> 0 | F34: 0 | H34: 0 | I34: 0 | J34: =H34*I34 -> 0 | L34: =D34-H34 -> 0
A35: 10 | D35: 0 | E35: =IF(D35>0,ROUND(F35/D35,2),0) -> 0 | F35: 0 | H35: 0 | I35: 0 | J35: =H35*I35 -> 0 | L35: =D35-H35 -> 0
C36: TOTAL | D36: =SUM(D26:D35) -> 0 | E36: =SUM(E26:E35) -> 0 | F36: =SUM(F26:F35) -> 0 | H36: =SUM(H26:H35) -> 0 | I36: =SUM(I26:I35) -> 0 | J36: =SUM(J26:J35) -> 0 | K36: =SUM(K26:K35) -> 0 | L36: =SUM(L26:L35) -> 0
A40: Prepared by: Sponsor Name - Date | E40: Reviewed by: Office Business Manager- Date | J40: Approved by: Principal - Date

Sheet 3. Product Description- Page 2
A1: PRODUCT DESCRIPTION | D1: Costs | H1: Sales | L1: Inventory
D2: (A) UNITS ORDERED | E2: (B) COST PER UNIT | F2: (C) EXTENDED COST | H2: (D) UNITS SOLD | I2: (E) SELLING PRICE | J2: (F) AMOUNT SOLD | L2: (I) INVENTORY QUANTITY
E3: (C) / (A) = (B) | J3: (D) x (E) = (F) | L3: (A) - (D) - (G) = (I)
D4: ='Financial Recap Report'!D36 -> 0 | E4: ='Financial Recap Report'!E36 -> 0 | F4: ='Financial Recap Report'!F36 -> 0 | H4: ='Financial Recap Report'!H36 -> 0 | I4: ='Financial Recap Report'!I36 -> 0 | J4: ='Financial Recap Report'!J36 -> 0 | L4: ='Financial Recap Report'!L36 -> 0
A5: 11 | D5: 0 | E5: =IF(D5>0,ROUND(F5/D5,2),0) -> 0 | F5: 0 | H5: 0 | I5: 0 | J5: =H5*I5 -> 0 | L5: =D5-H5 -> 0
A6: 12 | D6: 0 | E6: =IF(D6>0,ROUND(F6/D6,2),0) -> 0 | F6: 0 | H6: 0 | I6: 0 | J6: =H6*I6 -> 0 | L6: =D6-H6 -> 0
A7: 13 | D7: 0 | E7: =IF(D7>0,ROUND(F7/D7,2),0) -> 0 | F7: 0 | H7: 0 | I7: 0 | J7: =H7*I7 -> 0 | L7: =D7-H7 -> 0
A8: 14 | D8: 0 | E8: =IF(D8>0,ROUND(F8/D8,2),0) -> 0 | F8: 0 | H8: 0 | I8: 0 | J8: =H8*I8 -> 0 | L8: =D8-H8 -> 0
A9: 15 | D9: 0 | E9: =IF(D9>0,ROUND(F9/D9,2),0) -> 0 | F9: 0 | H9: 0 | I9: 0 | J9: =H9*I9 -> 0 | L9: =D9-H9 -> 0
A10: 16 | D10: 0 | E10: =IF(D10>0,ROUND(F10/D10,2),0) -> 0 | F10: 0 | H10: 0 | I10: 0 | J10: =H10*I10 -> 0 | L10: =D10-H10 -> 0
A11: 17 | D11: 0 | E11: =IF(D11>0,ROUND(F11/D11,2),0) -> 0 | F11: 0 | H11: 0 | I11: 0 | J11: =H11*I11 -> 0 | L11: =D11-H11 -> 0
A12: 18 | D12: 0 | E12: =IF(D12>0,ROUND(F12/D12,2),0) -> 0 | F12: 0 | H12: 0 | I12: 0 | J12: =H12*I12 -> 0 | L12: =D12-H12 -> 0
A13: 19 | D13: 0 | E13: =IF(D13>0,ROUND(F13/D13,2),0) -> 0 | F13: 0 | H13: 0 | I13: 0 | J13: =H13*I13 -> 0 | L13: =D13-H13 -> 0
A14: 20 | D14: 0 | E14: =IF(D14>0,ROUND(F14/D14,2),0) -> 0 | F14: 0 | H14: 0 | I14: 0 | J14: =H14*I14 -> 0 | L14: =D14-H14 -> 0
A15: 21 | D15: 0 | E15: =IF(D15>0,ROUND(F15/D15,2),0) -> 0 | F15: 0 | H15: 0 | I15: 0 | J15: =H15*I15 -> 0 | L15: =D15-H15 -> 0
A16: 22 | D16: 0 | E16: =IF(D16>0,ROUND(F16/D16,2),0) -> 0 | F16: 0 | H16: 0 | I16: 0 | J16: =H16*I16 -> 0 | L16: =D16-H16 -> 0
... A48: 54 | D48: 0 | E48: =IF(D48>0,ROUND(F48/D48,2),0) -> 0 | F48: 0 | H48: 0 | I48: 0 | J48: =H48*I48 -> 0 | L48: =D48-H48 -> 0
C49: TOTAL | D49: =SUM(D4:D48) -> 0 | E49: =SUM(E4:E48) -> 0 | F49: =SUM(F4:F48) -> 0 | H49: =SUM(H4:H48) -> 0 | I49: =SUM(I4:I48) -> 0 | J49: =SUM(J4:J48) -> 0 | K49: =SUM(K4:K48) -> 0 | L49: =SUM(L4:L48) -> 0
